 Dungeon Crawl Stone Soup version 0.23.2 (webtiles) character file.

Game seed: 6327639071364307790

13943 Chiseanne the Thaumaturge (level 11, -4/68 HPs)
             Began as a Demonspawn Wanderer on Apr 7, 2019.
             Was an Elder of Vehumet.
             Slain by a two-headed ogre
             ... wielding a +0 giant club
              (18 damage)
             ... on level 9 of the Dungeon.
             The game lasted 00:37:43 (12744 turns).

Chiseanne the Thaumaturge (Demonspawn Wanderer)    Turns: 12744, Time: 00:37:44

Health: -4/68      AC: 11    Str: 11    XL:     11   Next: 82%
Magic:  0/27       EV: 10    Int: 22    God:    Vehumet [****..]
Gold:   379        SH:  0    Dex: 11    Spells: 4/35 levels left

rFire    . . .     SeeInvis .   a - +7 quarterstaff "Xodurph" {vamp, rPois Int+2}
rCold    . . .     Gourm    .   (shield currently unavailable)
rNeg     . . .     Faith    .   D - +0 troll leather armour
rPois    +         Spirit   +   u - +1 helmet
rElec    .         Reflect  .   q - +0 cloak
rCorr    .         Harm     .   (no gloves)
MR       .....                  M - +0 pair of boots
Stlth    +.........             o - amulet of magic regeneration
HPRegen  0.61/turn              K - +3 ring of slaying
MPRegen  0.65/turn              E - ring of poison resistance

@: very slightly contaminated
A: hooves 2, slimy green scales 1, powered by death 1, magic shield, magic
regeneration
a: Renounce Religion


You were on level 9 of the Dungeon.
You worshipped Vehumet.
Vehumet was greatly pleased with you.
You were very hungry.

You visited 2 branches of the dungeon, and saw 11 of its levels.

You collected 622 gold pieces.
You spent 243 gold pieces at shops.

Inventory:

Hand Weapons
 a - the +7 quarterstaff "Xodurph" (weapon) {vamp, rPois Int+2}
   (You bought it in a shop on level 5 of the Dungeon)

   It inflicts no extra harm, but heals its wielder when it wounds a living foe.
   It affects your intelligence (+2).
   It protects you from poison.
 d - a +2 scimitar of flaming
 H - the +3 trident of Jipt {flame, +Rage rF+}
   (You found it on level 6 of the Dungeon)

   It has been specially enchanted to burn those struck by it, causing extra
   injury to most foes and up to half again as much damage against particularly
   susceptible opponents.
   It protects you from fire.
   It lets you go berserk.
 T - the cursed +2 battleaxe "Xueqiwke" {chop, Dex+7 SInv}
   (You took it off a yaktaur on level 10 of the Dungeon)

   It inflicts extra damage upon your enemies.
   It affects your dexterity (+7).
   It lets you see invisible.
   It has a curse placed upon it.
 U - a +2 arbalest of flaming
Missiles
 h - 7 needles of sleeping
 i - 68 sling bullets
 j - 93 bolts
 k - 354 stones (quivered)
 p - 277 arrows
 v - 7 curare-tipped needles
 w - 38 poisoned needles
 J - 12 tomahawks
Armour
 q - a +0 cloak (worn)
 u - a +1 helmet (worn)
 D - a +0 troll leather armour (worn)
 M - a +0 pair of boots (worn)
 V - +0 storm dragon scales
Magical Staves
 R - an uncursed staff of air {unknown}
Jewellery
 o - an amulet of magic regeneration (around neck)
 r - an uncursed amulet of the acrobat
 E - a ring of poison resistance (right hand)
 F - a +4 ring of strength
 K - a +3 ring of slaying (left hand)
 P - a +2 ring of strength
Wands
 n - a wand of random effects (8)
 B - a wand of disintegration (9)
Scrolls
 b - 2 scrolls of immolation
 e - a scroll of fear
 s - a scroll of remove curse
 y - 4 scrolls of enchant armour
 z - 2 scrolls of teleportation
 I - 4 scrolls of identify
 N - 2 scrolls of amnesia
Potions
 c - 3 potions of lignification
 g - 5 potions of brilliance
 l - 2 potions of might
 m - 3 potions of haste
 t - a potion of curing
 A - 2 potions of flight {unknown}
 C - a potion of berserk rage {unknown}
 G - a potion of resistance {unknown}
 L - a potion of magic {unknown}
 O - a potion of ambrosia
 Q - a potion of heal wounds
Miscellaneous
 x - a fan of gales
Comestibles
 f - 17 rations


   Skills:
 - Level 1.0 Throwing
 * Level 4.1 Armour
 - Level 1.0 Stealth
 - Level 12.5 Spellcasting
 * Level 8.6 Conjurations
 - Level 1.0 Hexes
 * Level 4.8 Charms
   Level 2.0 Summonings
 - Level 6.4 Translocations
 - Level 1.0 Fire Magic
 - Level 5.1 Air Magic
 - Level 3.7 Poison Magic


You had 4 spell levels left.
You knew the following spells:

 Your Spells              Type           Power        Failure   Level  Hunger
a - Magic Dart            Conj           ####         1%          1    None
b - Blink                 Tloc           N/A          1%          2    None
c - Conjure Flame         Conj/Fire      #####...     1%          3    None
d - Mephitic Cloud        Conj/Pois/Air  #####...     1%          3    None
e - Searing Ray           Conj           ######       1%          2    None
f - Dazzling Spray        Conj/Hex       #####.       1%          3    None
g - Iskenderun's Mystic   Conj           ######..     1%          4    None
h - Force Lance           Conj/Tloc      #####...     1%          4    None
i - Iskenderun's Battles  Conj/Chrm      #####...     3%          5    ####...
j - Olgreb's Toxic Radia  Pois           ####....     3%          4    None

Your spell library contained the following spells:

 Spells                   Type           Power        Failure   Level  Hunger
 Airstrike                Air            #####.....   1%          4    None
 Sting                    Conj/Pois      ####         1%          1    None
 Poisonous Vapours        Pois/Air       ####..       1%          2    None
 Gell's Gravitas          Tloc           #####.....   1%          3    None
 Fulminant Prism          Conj/Hex       #####.....   2%          4    None
 Confusing Touch          Hex            ###...       4%          1    None
 Call Imp                 Summ           ###.....     4%          2    None
 Animate Skeleton         Necr           N/A          6%          1    None
 Beastly Appendage        Tmut           ##....       6%          1    None
 Pain                     Necr           ##..         6%          1    None
 Slow                     Hex            ###.....     6%          2    None
 Regeneration             Chrm/Necr      ###.......   7%          3    None
 Sticks to Snakes         Tmut           ##......     9%          2    None
 Spider Form              Tmut/Pois      ###.......   9%          3    None
 Confuse                  Hex            ###.....     12%         3    None
 Vampiric Draining        Necr           ##........   19%         3    None
 Animate Dead             Necr           N/A          52%         4    None
 Ice Form                 Ice/Tmut       ##......     52%         4    None
 Petrify                  Tmut/Erth      ##......     52%         4    None
 Venom Bolt               Conj/Pois      #####.....   3%          5    ####...
 Bolt of Magma            Conj/Fire/Erth ####......   12%         5    ####...
 Yara's Violent Unravell  Hex/Tmut       ###.......   32%         5    ####...
 Orb of Destruction       Conj           ######....   34%         7    #######
 Iron Shot                Conj/Erth      ####......   36%         6    #####..
 Spellforged Servitor     Conj/Summ      #####.....   78%         7    #######
 Metabolic Englaciation   Hex/Ice        ###.......   80%         5    ####...
 Blade Hands              Tmut           ##........   86%         5    ####...


Dungeon Overview and Level Annotations

Branches:
Dungeon (10/15)            Temple (0/1) D:4             Orc (1/2) D:9
   Lair: D:8-11

Altars:
Ashenzari
Cheibriados
Elyvilon
Hepliaklqana
Kikubaaqudgha
Makhleb
Nemelex Xobeh
Okawaru
Sif Muna
Uskayaw
Vehumet
Xom
Yredelemnul

Shops:
D:5 (


Innate Abilities, Weirdness & Mutations

You have hoof-like feet.
You are partially covered in slimy green scales. (AC +2)
You regenerate a little health from kills.
When hurt, damage is shared between your health and your magic reserves.
You regenerate magic rapidly.


Message History

The two-headed ogre is moderately wounded.
The two-headed ogre hits you with a +0 giant club!
The two-headed ogre hits you with a +0 giant spiked club!!
* * * LOW HITPOINT WARNING * * *
Things that are here:
a +0 plate armour; a +0 dire flail
Casting: Mephitic Cloud (safe; 1% risk of failure)
Confirm with . or Enter, or press ? or * to list all spells.
Aiming: Conjure Flame (safe; 1% risk of failure)
Press: ? - help, Dir - move target cursor The fire ignites!
Casting: Conjure Flame (safe; 1% risk of failure)
Confirm with . or Enter, or press ? or * to list all spells.
You don't have enough magic to cast that spell.
Unknown command.
Unknown command.
The two-headed ogre is engulfed in blazing flames.
The two-headed ogre completely misses you.
The two-headed ogre hits you with a +0 giant spiked club!!
You die...

#.# #........#.#.# #.# #.#
#........#.#.# #.# ..#
##########.#.# #.#
##############.#.# #.#
........).)>##.#.# #.#
.##########.##.#.# #.# .##
#.##.#.# #.# ..# ###########
#.# ..#######.))[..O@.######
#.# ..##....[)###[###......#
#.# ..##..))[.#8...8##.###.#
#.# .[.'[.[...#.....##.# #.#
#.# ..)#[.....#..>..##.#
#.###.#
.#.#......#.....##.###.....##
.#)#......#8...8#...........#
.#.#......########.#####.####
[#.#.........#.#.#.# #.#


You could see a two-headed ogre.

Vanquished Creatures
  2 two-headed ogres (D:10)
  Erica (D:9)
  An unseen horror (D:10)
  A wolf spider (shapeshifter) (D:10)
  An ugly thing (D:10)
  Psyche (D:9)
  4 molten gargoyles (D:10)
  A centaur zombie (D:10)
  A yaktaur (D:10)
  3 trolls
  A queen bee (D:10)
  A spriggan (D:8)
  3 hungry ghosts
  An acid dragon (D:8)
  10 orc warriors
  A black bear (D:7)
  4 ice beasts
  10 ogres
  A necrophage (D:8)
  A boggart (D:10)
  A phantom (D:10)
  5 centaurs
  5 big kobolds
  8 bullfrogs
  A wyvern zombie (D:7)
  2 gnoll sergeants (D:9)
  A water moccasin skeleton (D:7)
  5 scorpions
  21 killer bees (D:10)
  A howler monkey (D:5)
  8 crimson imps
  A quasit (D:10)
  8 hounds
  8 orc priests
  A bullfrog skeleton (D:6)
  A centaur skeleton (D:8)
  4 jellies
  4 orc wizards
  2 iguanas
  8 worker ants
  A hound skeleton (D:2)
  2 howler monkey zombies
  A worker ant zombie (D:8)
  A howler monkey skeleton (D:6)
  A gnoll (D:9)
  10 adders
  A shadow imp (D:9)
  2 oozes
  An adder skeleton (D:4)
  An adder zombie (D:7)
  2 worms (D:4)
  A dart slug (D:1)
  8 leopard geckos
  30 orcs
  3 ball pythons
  2 giant cockroaches
  7 goblins
  5 hobgoblins
  9 jackals
  5 quokkas
  8 bats
  3 frilled lizards
  8 kobolds
  A leopard gecko zombie (D:5)
  A quokka zombie (D:5)
  9 rats
267 creatures vanquished.

Vanquished Creatures (others)
  3 killer bees (D:10)
3 creatures vanquished.

Grand Total: 270 creatures vanquished

Notes
Turn   | Place    | Note
-------+----------+-------------------------------------------
     0 | D:1      | Chiseanne the Demonspawn Wanderer began the quest for the
                  | Orb.
     0 | D:1      | Chiseanne set off with the following items: a +0 club, a
                  | scroll of teleportation, a potion of lignification, a +0
                  | robe, a ration; and the following spell memorised: Magic
                  | Dart; and the following spells available to memorise: Call
                  | Imp, Slow, Blink, Conjure Flame, Mephitic Cloud
     0 | D:1      | Reached XP level 1. HP: 13/13 MP: 5/5
   358 | D:1      | Reached skill level 1 in Conjurations
   358 | D:1      | Gained mutation: You regenerate a little health from kills.
                  | [demonic ancestry]
   358 | D:1      | Reached XP level 2. HP: 19/19 MP: 0/7
  1413 | D:1      | Learned a level 2 spell: Blink
  1460 | D:2      | Reached XP level 3. HP: 10/24 MP: 1/9
  1841 | D:2      | Learned a level 3 spell: Conjure Flame
  1845 | D:2      | Learned a level 3 spell: Mephitic Cloud
  2743 | D:3      | Gained mutation: When hurt, damage is shared between your
                  | health and your magic reserves. [demonic ancestry]
  2743 | D:3      | Reached XP level 4. HP: 16/30 MP: 0/10
  3090 | D:3      | Found an ancient bone altar of Kikubaaqudgha.
  3245 | D:3      | You fall through a shaft for 2 floors!
  3245 | D:5      | Entered Level 5 of the Dungeon
  3278 | D:5      | Reached skill level 1 in Translocations
  3383 | D:5      | Noticed a centaur
  3669 | D:5      | Killed a centaur
  3669 | D:5      | Reached skill level 5 in Spellcasting
  3669 | D:5      | Reached XP level 5. HP: 22/35 MP: 7/12
  3793 | D:5      | Noticed an ogre
  3793 | D:5      | Noticed a centaur
  3926 | D:5      | Gained mutation: You have large cloven feet. [demonic
                  | ancestry]
  3926 | D:5      | Reached XP level 6. HP: 31/41 MP: 6/13
  3997 | D:5      | HP: 1/41 [orc wizard/magic dart (5)]
  4426 | D:4      | Gained mutation: You are partially covered in slimy green
                  | scales. (AC +2) [demonic ancestry]
  4426 | D:4      | Reached XP level 7. HP: 40/46 MP: 8/15
  4867 | D:3      | Reached skill level 6 in Spellcasting
  5083 | D:3      | Found a burning altar of Makhleb.
  5084 | D:3      | Found a radiant altar of Vehumet.
  5099 | D:3      | Became a worshipper of Vehumet
  5101 | D:3      | Reached skill level 12 in Spellcasting
  5101 | D:3      | Gained mutation: You regenerate magic rapidly. [demonic
                  | ancestry]
  5101 | D:3      | Reached XP level 8. HP: 52/52 MP: 12/24
  5616 | D:4      | Found a staircase to the Ecumenical Temple.
  6047 | D:4      | Learned a level 2 spell: Searing Ray
  6051 | D:4      | Learned a level 3 spell: Dazzling Spray
  6056 | D:4      | Learned a level 4 spell: Iskenderun's Mystic Blast
  6061 | D:4      | Learned a level 4 spell: Force Lance
  6325 | D:5      | Found Adoan's Antique Weapon Shop.
  6337 | D:5      | Bought an ancient quarterstaff for 243 gold pieces
  6340 | D:5      | Identified the +7 quarterstaff "Xodurph" {vamp, rPois
                  | Int+2} (You bought it in a shop on level 5 of the Dungeon)
  6484 | D:5      | Found a hazy altar of Hepliaklqana.
  6504 | D:5      | Found a shimmering altar of Xom.
  6612 | D:5      | Found a deep blue altar of Sif Muna.
  6878 | D:5      | Reached skill level 5 in Conjurations
  6878 | D:5      | Reached skill level 1 in Air Magic
  7609 | D:6      | Got a slimy trident
  7756 | D:6      | Reached XP level 9. HP: 51/57 MP: 20/25
  8495 | D:7      | Found a basalt altar of Yredelemnul.
  8545 | D:7      | Found a shattered altar of Ashenzari.
  8770 | D:7      | Got a shadowed robe
  8781 | D:7      | Identified the +1 robe of Odghugeb {Str+4 Dex+3} (You found
                  | it on level 7 of the Dungeon)
  9064 | D:7      | Found a hide-covered altar of Uskayaw.
  9554 | D:7      | Reached * piety under Vehumet
  9554 | D:7      | Offered knowledge of Freeze by Vehumet.
  9554 | D:7      | Reached skill level 5 in Translocations
  9592 | D:8      | Noticed a troll
  9609 | D:8      | Killed a troll
  9609 | D:8      | Reached XP level 10. HP: 57/63 MP: 6/26
  9725 | D:8      | Learned a level 5 spell: Iskenderun's Battlesphere
  9752 | D:8      | Found an iron altar of Okawaru.
  9924 | D:8      | Identified the +3 trident of Jipt {flame, +Rage rF+} (You
                  | found it on level 6 of the Dungeon)
 10165 | D:9      | Found a snail-covered altar of Cheibriados.
 10278 | D:9      | Noticed Psyche
 10283 | D:9      | Killed Psyche
 10283 | D:9      | Reached skill level 1 in Charms
 10360 | D:9      | Found a staircase to the Orcish Mines.
 10367 | D:9      | Reached ** piety under Vehumet
 10367 | D:9      | Offered knowledge of Shock by Vehumet.
 10757 | D:9      | Noticed Erica
 10767 | D:9      | Killed Erica
 10767 | D:9      | Reached skill level 1 in Armour
 10969 | D:9      | Found a sparkling altar of Nemelex Xobeh.
 11033 | D:9      | Found a white marble altar of Elyvilon.
 11332 | D:10     | Entered Level 10 of the Dungeon
 11346 | D:9      | Offered knowledge of Stone Arrow by Vehumet.
 11389 | D:10     | Noticed a two-headed ogre
 11397 | D:10     | Killed a two-headed ogre
 11397 | D:10     | Reached skill level 5 in Air Magic
 11397 | D:10     | Gained mutation: You have hoof-like feet. [demonic
                  | ancestry]
 11397 | D:10     | Reached XP level 11. HP: 68/68 MP: 10/27
 11485 | D:10     | Reached *** piety under Vehumet
 11508 | D:10     | Learned a level 4 spell: Olgreb's Toxic Radiance
 11599 | D:10     | HP: 3/68 [molten gargoyle/bolt of magma (9)]
 11600 | D:10     | Reached skill level 1 in Poison Magic
 11868 | D:10     | Noticed a two-headed ogre
 11878 | D:10     | Killed a two-headed ogre
 11892 | D:10     | Noticed a wolf spider
 11896 | D:10     | Killed a wolf spider
 12087 | D:10     | Killed an unseen horror
 12227 | D:10     | Identified the cursed +2 battleaxe "Xueqiwke" {chop, Dex+7
                  | SInv}
 12235 | D:10     | Offered knowledge of Airstrike by Vehumet.
 12362 | D:10     | Reached **** piety under Vehumet
 12471 | D:10     | Noticed a purple ugly thing
 12476 | D:10     | Killed a purple ugly thing
 12722 | Orc:1    | Entered Level 1 of the Orcish Mines
 12723 | Orc:1    | Noticed a two-headed ogre
 12725 | Orc:1    | Noticed a two-headed ogre
 12725 | Orc:1    | Noticed an ogre mage
 12726 | Orc:1    | Noticed a two-headed ogre
 12744 | D:9      | Slain by a two-headed ogre

Skill      XL: |  1  2  3  4  5  6  7  8  9 10 11 |
---------------+----------------------------------+-----
Conjurations   | 1 2 3 4 5 6 7 8 |  8.6
Translocations | 1 2 3 4 5 6 |  6.4
Spellcasting   | 5 12 | 12.5
Air Magic      | 1 3 5 |  5.1
Charms         | 2 4 |  4.8
Armour         | 1 4 |  4.1
Poison Magic   | 3 |  3.7
Throwing       | |  1.0
Stealth        | |  1.0
Hexes          | |  1.0
Summonings     | |  2.0
Fire Magic     | |  1.0

Action                   |  1- 3 |  4- 6 |  7- 9 | 10-12 || total
-------------------------+-------+-------+-------+-------++-------
Melee: Club              |     8 |       |       |       ||     8
       Short sword       |    10 |       |       |       ||    10
       Mace              |    15 |       |       |       ||    15
       Dagger            |       |    43 |     5 |       ||    48
       Kick              |       |     2 |    24 |     3 ||    29
       Quarterstaff      |       |       |    74 |   231 ||   305
 Cast: Magic Dart        |   106 |    70 |   252 |   124 ||   552
       Mephitic Cloud    |       |     2 |    12 |    41 ||    55
       Blink             |       |       |     2 |     3 ||     5
       Conjure Flame     |       |       |     1 |     6 ||     7
       Iskenderun's Myst |       |       |    21 |    39 ||    60
       Force Lance       |       |       |       |    16 ||    16
       Olgreb's Toxic Ra |       |       |       |     3 ||     3
       Searing Ray       |       |       |       |     1 ||     1
Evoke: Wand              |       |       |     1 |    21 ||    22
  Use: Scroll            |     6 |     7 |     4 |     5 ||    22
       Potion            |       |     3 |     1 |     1 ||     5
 Stab: Confused          |       |     1 |     2 |    12 ||    15
       Distracted        |       |     1 |       |       ||     1
  Eat: Chunk             |     5 |     6 |    15 |    10 ||    36
       Ration            |       |       |     2 |       ||     2
Armor: Robe              |    18 |    14 |    68 |     6 ||   106
       Troll leather arm |       |       |       |   125 ||   125
Dodge: Dodged            |    36 |    44 |    95 |   176 ||   351
